 Dungeon Crawl Stone Soup version 0.31.0-12-g77e489cdc1 (webtiles) character file.

Game seed: 18356893384705599159

83 Silvore the Trooper (level 4, -4/35 HPs)
             Began as a Demonspawn Fighter on Feb 14, 2024.
             Was an Initiate of Okawaru.
             Slain by Grinder (5 damage)
             ... on level 3 of the Dungeon.
             The game lasted 00:02:01 (1868 turns).

Silvore the Trooper (Demonspawn Fighter)            Turns: 1868, Time: 00:02:01

Health: -4/35      AC:  8    Str: 19    XL:     4   Next: 22%
Magic:  4/4        EV:  9    Int:  8    God:    Okawaru [......]
Gold:   92         SH:  5    Dex: 12    Spells: 3/3 levels left

rFire   . . .        a - +0 long sword
rCold   . . .        c - +1 buckler
rNeg    . . .        b - +0 scale mail
rPois   .            (no helmet)
rElec   .            (no cloak)
rCorr   .            (no gloves)
SInv    .            j - +0 pair of boots
Will    .....        (no amulet) Stlth
                     (no ring)
HPRegen 0.25/turn    (no ring)
MPRegen 0.09/turn

%: no passive effects
@: mighty
A: claws 2, hooves 1
a: Renounce Religion


You were on level 3 of the Dungeon.
You worshipped Okawaru.
Okawaru was noncommittal.
You visited 1 branch of the dungeon, and saw 3 of its levels.

You collected 92 gold pieces.

Inventory:

Hand Weapons
 a - a +0 long sword (weapon)
Armour
 b - a +0 scale mail (worn)
 c - a +1 buckler (worn)
 j - a +0 pair of boots (worn)
Scrolls
 f - a scroll of torment
 i - a scroll of silence
Potions
 d - a potion of might
 e - 2 potions of cancellation
 g - a potion of haste {unknown}
 h - a potion of curing
 k - a potion of attraction {unknown}
 l - a potion of mutation {unknown}


   Skills:
 + Level 3.3 Fighting
 + Level 3.0 Long Blades
 + Level 3.2 Armour
 + Level 0.1 Dodging
 + Level 3.0 Shields


You had 3 spell levels left.
You didn't know any spells.
Your spell library was empty.

Dungeon Overview and Level Annotations

Branches:
Dungeon (3/15)

Altars:
Ashenzari
Gozag
Okawaru
Vehumet
Xom

Annotations:
D:3 Grinder


Innate Abilities, Weirdness & Mutations

You have very sharp fingernails.
You have large cloven feet.


Message History

The bat hits you but does no damage. Grinder gestures at you.
You suddenly lose the ability to move!
The bat hits you but does no damage. x2
You can move again.
You hit Grinder.
Grinder is lightly wounded.
The bat closely misses you. Grinder barely misses you.
You slash Grinder!
Grinder is moderately wounded.
You block the bat's attack. Grinder closely misses you.
The bat barely misses you.
Grinder blinks!
The bat hits you but does no damage. Grinder gestures at you.
Pain shoots through your body!
You barely miss Grinder.
Grinder is moderately wounded.
The bat hits you but does no damage. x2
Grinder gestures at you. Pain shoots through your body!
You barely miss Grinder.
Grinder is moderately wounded.
The bat hits you but does no damage. The bat closely misses you.
The bat barely misses you. Grinder gestures at you.
You suddenly lose the ability to move!
The bat hits you but does no damage.
Grinder blinks!
The bat hits you but does no damage.
You can move again.
The bat hits you but does no damage. The bat barely misses you.
Grinder gestures at you. Pain shoots through your body!
* * * LOW HITPOINT WARNING * * *
The bat barely misses you. The bat attacks as it pursues you!
The bat barely misses you. You block the bat's attack. Grinder hits you!
* * * LOW HITPOINT WARNING * * *
You writhe in agony.
You die...
Grinder says, "Hey, I wasn't done torturing you yet!"

.....# #..##.# #.#
.....### #.#.#.#
#......# #.#.#.#
+......# #.#.#.#
#......## #.#.#.#
#...#'###.##.#.#.#
#...#.# #....#.#.#
....#.#
####...b.####
..###.# #...#@...#
..# #.# #....5##.#
### #........#...#
# .#########...#
.. ...... [..
####...> ####
######


You could see Grinder and a bat.

Vanquished Creatures
  A gnoll (D:1)
  3 adders
  A dart slug (D:2)
  A ribbon worm (D:3)
  5 endoplasms
  4 giant cockroaches
  4 goblins
  2 hobgoblins
  2 jackals (D:2)
  2 kobolds
  2 quokkas (D:2)
  4 ball pythons
  3 bats (D:1)
  4 frilled lizards (D:2)
  2 rats (D:3)
  A spectral goblin (D:3)
41 creatures vanquished.

Notes
Turn   | Place    | Note
-------+----------+-------------------------------------------
     0 | D:1      | Silvore the Demonspawn Fighter began the quest for the Orb.
     0 | D:1      | Reached XP level 1. HP: 18/18 MP: 1/1
   278 | D:1      | Discovered your monstrous ancestry.
   278 | D:1      | Gained mutation: You have sharp fingernails. [demonic
                  | ancestry]
   278 | D:1      | Reached XP level 2. HP: 24/24 MP: 2/2
   904 | D:2      | Gained mutation: You have large cloven feet. [demonic
                  | ancestry]
   904 | D:2      | Reached XP level 3. HP: 25/29 MP: 3/3
  1464 | D:2      | Found a shimmering altar of Xom.
  1600 | D:3      | Found an opulent altar of Gozag.
  1610 | D:3      | Found a faded altar of an unknown god.
  1625 | D:3      | Gained mutation: You have very sharp fingernails. [demonic
                  | ancestry]
  1625 | D:3      | Reached XP level 4. HP: 34/35 MP: 4/4
  1771 | D:3      | Found an iron altar of Okawaru.
  1790 | D:3      | Found a radiant altar of Vehumet.
  1791 | D:3      | Found a broken altar of Ashenzari.
  1798 | D:3      | Became a worshipper of Warmaster Okawaru
  1843 | D:3      | Noticed Grinder
  1854 | D:3      | Paralysed by Grinder for 2 turns
  1862 | D:3      | Paralysed by Grinder for 4 turns
  1868 | D:3      | HP: 1/35 [Grinder (9)]
  1868 | D:3      | Slain by Grinder

Illustrated notes

Levels and vault maps discovered:
D:1:      dpeg_arrival_chambers_temple_mockup, layout_basic
D:2:      layout_basic, basic_altar
D:3:      layout_basic, mainiacjoe_overflow_cross_hatched,
          chequers_temple_overflow_statue_of_worship,
          dreamdust_ecumenical_altar_drowned_temple, uniq_jessica, uniq_natasha,
          uniq_grinder

Skill      XL: |  1  2  3  4 |
---------------+-------------+-----
Long Blades    | 2 3 |  3.0
Armour         | 3 |  3.2
Shields        | 3 |  3.0
Fighting       | |  3.3
Dodging        | |  0.1

Action                     |  1- 3 |  4- 6 || total
---------------------------+-------+-------++-------
  Melee: Long sword        |    93 |    16 ||   109
         Kick              |    12 |     3 ||    15
    Use: Scroll            |     7 |       ||     7
         Potion            |       |     1 ||     1
 Armour: Scale mail        |    91 |    16 ||   107
  Dodge: Dodged            |    37 |    10 ||    47
  Block: Buckler           |    28 |     4 ||    32
